[Event "AICF Women GM 2018"]
[Site "Mumbai"]
[Date "2018.06.12"]
[Round "1"]
[White "Tokhirjonova, Gulrukhbegim"]
[Black "Tomilova, Elena"]
[Result "1/2-1/2"]
[ECO "E13"]
[WhiteElo "2379"]
[BlackElo "2334"]
[Annotator "NA"]
[PlyCount "58"]
[EventDate "2018.??.??"]
[EventType "tourn"]
[EventCountry "IND"]
[SourceTitle "playchess.com"]
[Source "ChessBase"]
[SourceQuality "1"]
[TimeControl "40/5400+30:1800+30"]

1. d4 Nf6 2. c4 e6 3. Nc3 Bb4 4. Nf3 b6 5. Bg5 h6 6. Bh4 Bb7 7. Nd2 Nc6 8. e3 Ne7 9. f3 Nf5 10. Bf2 c5 11. Bd3 cxd4 12. exd4 O-O 13. O-O d5 14. a3 Bd6 15. c5 bxc5 16. dxc5 d4 17. Nce4 Bf4 18. Nxf6+ Qxf6 19. Ne4 Qe5 20. g3 Be3 21. Qe2 Rfd8 22. b4 Bxe4 23. fxe4 Nxg3 24. hxg3 Qxg3+ 25. Kh1 Qh3+ 26. Kg1 Qg3+ 27. Kh1 Qh3+ 28. Kg1 Qg3+ 29. Kh1 Qh3+ 1/2-1/2

[Event "AICF Women GM 2018"]
[Site "Mumbai"]
[Date "2018.06.12"]
[Round "1"]
[White "Nakhbayeva, Guliskhan"]
[Black "Monnisha, G K"]
[Result "1-0"]
[ECO "E41"]
[WhiteElo "2323"]
[BlackElo "2295"]
[Annotator "NA"]
[PlyCount "97"]
[EventDate "2018.??.??"]
[EventType "tourn"]
[EventCountry "IND"]
[SourceTitle "playchess.com"]
[Source "ChessBase"]
[SourceQuality "1"]
[TimeControl "40/5400+30:1800+30"]

1. d4 Nf6 2. c4 e6 3. Nc3 Bb4 4. e3 c5 5. Bd3 Nc6 6. Nf3 Bxc3+ 7. bxc3 d6 8. O-O h6 9. e4 e5 10. d5 Ne7 11. Nh4 g5 12. Qf3 Nfg8 13. Nf5 Nxf5 14. exf5 Nf6 15. Rb1 Qe7 16. Re1 Rb8 17. Qd1 Bd7 18. f4 gxf4 19. Bxf4 Rg8 20. Rb2 Kd8 21. Bxh6 Ng4 22. Bf4 Qf6 23. Bg3 Qg5 24. Qf3 Nf6 25. Qf2 Rh8 26. h3 Rh5 27. Rf1 b6 28. Re2 Kc7 29. Qe1 Rg8 30. Rf3 Kb7 31. Bc2 Nh7 32. a4 Qh6 33. h4 Rg4 34. a5 Nf6 35. Bd3 Qh7 36. axb6 axb6 37. Ra2 Qg8 38. Qa1 Qb8 39. Re3 Bxf5 40. Rf2 Bxd3 41. Rxd3 Rh6 42. Rdf3 Rgg6 43. h5 e4 44. Qa4 Kc8 45. hxg6 exf3 46. gxf7 Nd7 47. Rxf3 Rh8 48. Qc6+ Qc7 49. Bxd6 1-0

[Event "AICF Women GM 2018"]
[Site "Mumbai"]
[Date "2018.06.12"]
[Round "1"]
[White "Zozulia, Anna"]
[Black "Aakanksha, Hagawane"]
[Result "1/2-1/2"]
[ECO "C07"]
[WhiteElo "2314"]
[BlackElo "2297"]
[Annotator "NA"]
[PlyCount "80"]
[EventDate "2018.??.??"]
[EventType "tourn"]
[EventCountry "IND"]
[SourceTitle "playchess.com"]
[Source "ChessBase"]
[SourceQuality "1"]
[TimeControl "40/5400+30:1800+30"]

1. e4 e6 2. d4 d5 3. Nd2 c5 4. exd5 Qxd5 5. Ngf3 cxd4 6. Bc4 Qd6 7. O-O Nf6 8. Nb3 Nc6 9. Nbxd4 Nxd4 10. Qxd4 Qxd4 11. Nxd4 Bc5 12. Nf3 O-O 13. Bf4 b6 14. Rad1 Bb7 15. Ne5 Rfd8 16. c3 Rac8 17. Bb3 Nd5 18. Bc1 b5 19. a4 b4 20. cxb4 Bxb4 21. Bd2 Bxd2 22. Rxd2 Nf4 23. Rxd8+ Rxd8 24. f3 Rd2 25. Rf2 Rd4 26. Rc2 Rb4 27. Rd2 Nd5 28. Bxd5 exd5 29. Nd3 Rxa4 30. Nc5 Ra1+ 31. Kf2 Bc6 32. Nd3 Ra4 33. b3 Ra3 34. Nb4 Bb7 35. Rd3 f6 36. Nxd5 Bxd5 37. Rxd5 Rxb3 38. Rd8+ Kf7 39. Rd7+ Kg6 40. Rxa7 Rb2+ 1/2-1/2

[Event "AICF Women GM 2018"]
[Site "Mumbai"]
[Date "2018.06.12"]
[Round "1"]
[White "Rakshitta, Ravi"]
[Black "Vantika, Agrawal"]
[Result "0-1"]
[ECO "B23"]
[WhiteElo "2067"]
[BlackElo "2279"]
[Annotator "NA"]
[PlyCount "66"]
[EventDate "2018.??.??"]
[EventType "tourn"]
[EventCountry "IND"]
[SourceTitle "playchess.com"]
[Source "ChessBase"]
[SourceQuality "1"]
[TimeControl "40/5400+30:1800+30"]

1. e4 c5 2. Nc3 Nc6 3. f4 g6 4. Nf3 Bg7 5. Bc4 e6 6. f5 a6 7. fxe6 dxe6 8. d3 h6 9. Be3 b6 10. O-O Bb7 11. Qd2 Nf6 12. h3 Qe7 13. a4 g5 14. Nxg5 Ne5 15. Ba2 O-O-O 16. Qf2 Nfg4 17. hxg4 hxg5 18. a5 Rh4 19. g3 Rh3 20. Kg2 Nxg4 21. Qf3 Rh2+ 22. Kg1 Ne5 23. Kxh2 Nxf3+ 24. Rxf3 g4 25. Rf2 b5 26. Raf1 f5 27. Kg1 Be5 28. Bf4 Bd4 29. Kg2 Rh8 30. Re2 c4 31. Ree1 Rh3 32. Rh1 Qh7 33. Ne2 fxe4 0-1

[Event "AICF Women GM 2018"]
[Site "Mumbai"]
[Date "2018.06.13"]
[Round "3"]
[White "Vo, Thi Kim Phung"]
[Black "Tomilova, Elena"]
[Result "1-0"]
[ECO "E35"]
[WhiteElo "2376"]
[BlackElo "2334"]
[Annotator "NA"]
[PlyCount "89"]
[EventDate "2018.??.??"]
[EventType "tourn"]
[EventCountry "IND"]
[SourceTitle "playchess.com"]
[Source "ChessBase"]
[SourceQuality "1"]
[TimeControl "40/5400+30:1800+30"]

1. d4 e6 2. c4 Nf6 3. Nc3 Bb4 4. Qc2 d5 5. cxd5 exd5 6. Bg5 h6 7. Bh4 g5 {[%emt 0:00:08] LiveBook: 38 Games E35: Nimzo-Indian: Classical: 4...d5 5 cxd5 exd5} (7... c5 8. dxc5 g5 9. Bg3 Ne4 10. e3 Nc6 11. Bd3 Nxg3 12. hxg3 d4 13. exd4 Qxd4 14. Nf3 Qxc5 15. O-O Be6 16. Rfc1 g4 17. Ne1 O-O-O 18. Be4 Kb8 {½-½ (27) Giri,A (2777)-Karjakin,S (2778) Shamkir 2018}) 8. Bg3 Nc6 9. e3 h5 10. h4 Ne4 11. Bh2 Bf5 12. Bd3 gxh4 13. Nge2 Nxc3 $146 (13... Qg5 $11 {keeps the balance.} 14. Rg1 Ba5) ({Predecessor:} 13... Qe7 14. O-O-O Nxc3 15. Nxc3 Bxd3 16. Rxd3 {0-1 (30) Finsterwalder,S (2130)-Zatonskih,A (2443) Caleta 2017}) 14. Bxf5 Ne4+ {[%emt 0:02:19] [#]} 15. Nc3 $1 Qe7 16. Kf1 Bxc3 17. bxc3 $16 Kf8 18. Rb1 b6 19. Rb5 Rd8 20. Bxe4 dxe4 21. Bf4 a6 22. Bg5 Qd7 23. Rb1 Re8 24. Rxh4 Qd5 25. Bf4 Na5 26. Qe2 Nc4 27. Bxc7 b5 28. Bf4 Kg7 29. g3 Nb6 30. Bc7 Na4 31. Ba5 Rc8 32. Kg2 Nxc3 33. Bxc3 Rxc3 34. Rbh1 Kg6 35. g4 Ra3 36. Rxh5 Rxh5 37. Rxh5 Qxa2 38. Qe1 Qe6 39. Rf5 f6 40. Qh1 Rc3 41. d5 Qf7 42. Rh5 Qg7 43. Rh8 Kf7 44. Qh5+ Ke7 45. Rh7 1-0

[Event "AICF Women GM 2018"]
[Site "Mumbai"]
[Date "2018.06.13"]
[Round "3"]
[White "Nakhbayeva, Guliskhan"]
[Black "Aakanksha Hagawane"]
[Result "1-0"]
[ECO "D85"]
[WhiteElo "2323"]
[BlackElo "2297"]
[Annotator "NA"]
[PlyCount "67"]
[EventDate "2018.??.??"]
[EventType "tourn"]
[EventCountry "IND"]
[SourceTitle "playchess.com"]
[Source "ChessBase"]
[SourceQuality "1"]
[TimeControl "40/5400+30:1800+30"]

1. d4 Nf6 2. c4 g6 3. Nc3 d5 4. cxd5 Nxd5 5. e4 Nxc3 6. bxc3 Bg7 7. Qa4+ Nd7 8. Nf3 O-O 9. Be2 c5 10. O-O {[%emt 0:00:08] D85: Exchange Grünfeld: Unusual White 7th moves and lines with 7 Nf3} cxd4 11. cxd4 Nc5 12. dxc5 Bxa1 13. e5 Bc3 {[%emt 0:07:19] LiveBook: 3 Games} 14. Bh6 Be6 {[%emt 0:03:38] [#]} 15. Rc1 $146 ({Predecessor:} 15. Qh4 f6 16. Bc4 Bd5 17. Bxf8 Kxf8 {1-0 (36) Sadorra,J (2575)-Garcia,J (2396) Quezon City 2014}) 15... Qa5 16. Qh4 Bb2 (16... Qxa2 17. Qxe7 Qa4 18. Qf6 Bxe5 19. Nxe5 Qd1+ 20. Bxd1 Bf5 21. Qg7#) (16... Qxc5 $2 17. Bxf8 (17. Bd2 Qb4 $16) 17... Rxf8 18. Ng5 $18) 17. Rc2 {[%emt 0:09:04] [#]} (17. Rd1 $11 Rfe8 18. a4) 17... Qxa2 (17... Bxe5 $1 $17 18. Nxe5 Qe1+ 19. Bf1 Qxe5 20. Bxf8 Kxf8) 18. Qxe7 Qa1+ $1 (18... Qb1+ 19. Bf1 $18) 19. Bf1 $11 Bxe5 20. Nxe5 Qxe5 21. Bxf8 Rxf8 22. Qxb7 a5 23. c6 Qe4 24. Rc1 a4 25. Qe7 Qd4 26. c7 Qb2 27. Rd1 Bc8 28. Rd8 Qg7 29. h3 h5 30. Bb5 Qh6 31. Bxa4 Qc1+ 32. Bd1 Qh6 33. Qd6 Qg7 34. Ba4 1-0

[Event "AICF Women GM 2018"]
[Site "Mumbai"]
[Date "2018.06.13"]
[Round "3"]
[White "Zozulia, Anna"]
[Black "Tokhirjonova, Gulrukhbegim"]
[Result "1/2-1/2"]
[ECO "C41"]
[WhiteElo "2314"]
[BlackElo "2379"]
[Annotator "NA"]
[PlyCount "76"]
[EventDate "2018.??.??"]
[EventType "tourn"]
[EventCountry "IND"]
[SourceTitle "playchess.com"]
[Source "ChessBase"]
[SourceQuality "1"]
[TimeControl "40/5400+30:1800+30"]

1. e4 e5 2. Nf3 d6 3. d4 exd4 4. Nxd4 Nf6 5. Nc3 Be7 6. Bc4 c6 7. a4 O-O 8. O-O Re8 {[%emt 0:00:18] C41: Philidor Defence} 9. Ba2 Bf8 10. Re1 Nbd7 11. Bg5 {[%emt 0:14:38] LiveBook: 6 Games} h6 12. Bh4 Ne5 13. f3 $146 ({Predecessor:} 13. Bg3 Bg4 14. f3 Bd7 15. Qd2 Be7 16. Rad1 {1-0 (62) Salgado Lopez,I (2622)-Chigaev,M (2494) Wroclaw 2014}) 13... Ng6 14. Bf2 Bd7 15. Qd2 Qc7 16. Rad1 a6 17. Nf5 Bxf5 18. exf5 Ne5 19. Ne4 Nxe4 $11 20. fxe4 Ng4 21. Bg3 Qb6+ 22. Qd4 Qxd4+ 23. Rxd4 d5 24. b4 Rxe4 25. Rexe4 dxe4 26. Rd7 Bxb4 27. Bxf7+ Kh8 28. Rxb7 Bc5+ 29. Kf1 Ne3+ 30. Ke2 Nxf5 31. Be5 Ra7 32. Rxa7 Bxa7 33. Be8 Ne7 34. Bd6 Nf5 35. Be5 Ne7 36. Bd6 Nf5 37. Be5 Ne7 38. Bd6 Nf5 1/2-1/2

[Event "AICF Women GM 2018"]
[Site "Mumbai"]
[Date "2018.06.13"]
[Round "3"]
[White "Srija, Seshadri"]
[Black "Monnisha G K"]
[Result "0-1"]
[ECO "C77"]
[WhiteElo "2207"]
[BlackElo "2295"]
[Annotator "NA"]
[PlyCount "72"]
[EventDate "2018.??.??"]
[EventType "tourn"]
[EventCountry "IND"]
[SourceTitle "playchess.com"]
[Source "ChessBase"]
[SourceQuality "1"]
[TimeControl "40/5400+30:1800+30"]

1. e4 e5 2. Nf3 Nc6 3. Bb5 a6 4. Ba4 Nf6 5. d3 Be7 (5... b5 $11 {keeps the balance.} 6. Bb3 Bc5) 6. Nc3 b5 7. Bb3 Bb7 {[%emt 0:00:33] C77: Ruy Lopez: 3...a6 4 Ba4 Nf6, unusual lines} 8. a4 b4 9. Nd5 Na5 {[%emt 0:01:41] LiveBook: 6 Games} 10. Ba2 Nxd5 11. exd5 $146 {[%emt 0:00:09] [#]} ({Predecessor:} 11. Bxd5 Bxd5 12. exd5 d6 13. O-O O-O 14. Qe1 c5 15. Nd2 Qd7 {½-½ (30) Rublevsky,S (2697)-Pridorozhni,A (2548) Moscow 2010}) 11... b3 $1 12. Qd2 {[%emt 0:05:43] [#]} c5 $1 ({Doch nicht} 12... Bxd5 $6 13. Qxa5 Bxf3 14. Bxb3 $14) 13. cxb3 Bxd5 14. Nxe5 O-O 15. O-O Nxb3 16. Bxb3 Bxb3 17. a5 Bf6 18. Nc4 Rb8 $11 19. Nb6 Re8 20. Ra3 Be6 21. Qc2 d6 22. Bf4 Bd4 23. Ra4 Qf6 24. Qd2 Bf5 25. h4 Qg6 26. Kh2 Bxd3 27. Re1 Rxe1 28. Qxe1 Be4 29. f3 Bc6 30. Ra2 Re8 31. Qg3 Qb1 32. Ra3 Re1 33. Qg5 Rh1+ 34. Kg3 Qe1+ 35. Kg4 Qe6+ 36. Qf5 h5+ 0-1

[Event "AICF Women GM 2018"]
[Site "Mumbai"]
[Date "2018.06.13"]
[Round "3"]
[White "Rakshitta Ravi"]
[Black "Divya Deshmukh"]
[Result "0-1"]
[ECO "C13"]
[WhiteElo "2067"]
[BlackElo "2138"]
[Annotator "NA"]
[PlyCount "72"]
[EventDate "2018.??.??"]
[EventType "tourn"]
[EventCountry "IND"]
[SourceTitle "playchess.com"]
[Source "ChessBase"]
[SourceQuality "1"]
[TimeControl "40/5400+30:1800+30"]

1. e4 e6 2. d4 d5 3. Nc3 Nf6 4. Bg5 Be7 5. e5 Nfd7 6. h4 a6 {[%emt 0:00:07] LiveBook: 117 Partien} 7. f4 {[%emt 0:02:43] C14: French: Classical System: 4 Bg5 Be7 main line} (7. Qg4 h5 8. Qg3 Bxg5 9. hxg5 c5 10. dxc5 g6 11. O-O-O Nxc5 12. f4 b5 13. Qe3 Qb6 14. Kb1 Nc6 15. Nf3 b4 {1-0 (33) Perez Candelario,M (2569)-Arribas Lopez,A (2559) Linares 2015}) 7... c5 8. dxc5 Nxc5 (8... Nc6 $11) 9. Bxe7 Qxe7 10. Qg4 O-O 11. Nf3 f5 $146 ({Predecessor:} 11... b5 12. h5 b4 13. Ne2 Ne4 14. Ned4 Bb7 {1-0 (39) Neubauer,J-Wambach,J Bayern 2000}) 12. Qg3 (12. Qh5 $11) 12... Ne4 13. Nxe4 fxe4 14. Nd2 (14. Nd4 $17 {ist eine bessere Verteidigung.}) 14... Qf7 15. O-O-O (15. c4 $17) 15... Nc6 16. Nb3 b5 $19 17. Nc5 Ra7 18. c3 Rc7 19. Qe3 b4 20. c4 Na5 21. Kb1 Qxf4 22. Qxf4 Rxf4 23. Nxe6 Bxe6 24. cxd5 Rd7 25. g3 Rf2 26. Bh3 Bxh3 27. Rxh3 Rf5 28. e6 Rdxd5 29. Rc1 Kf8 30. g4 Rf2 31. Re3 Re5 32. Rc8+ Ke7 33. Rc7+ Kxe6 34. Rxg7 Rf1+ 35. Kc2 Rc5+ 36. Kd2 Nc4+ 0-1

[Event "AICF Women GM 2018"]
[Site "Mumbai"]
[Date "2018.06.14"]
[Round "4"]
[White "Tokhirjonova, Gulrukhbegim"]
[Black "Rakshitta Ravi"]
[Result "1-0"]
[ECO "D35"]
[WhiteElo "2379"]
[BlackElo "2067"]
[Annotator "NA"]
[PlyCount "131"]
[EventDate "2018.??.??"]
[EventType "tourn"]
[EventCountry "IND"]
[SourceTitle "playchess.com"]
[Source "ChessBase"]
[SourceQuality "1"]
[TimeControl "40/5400+30:1800+30"]

1. d4 Nf6 2. c4 e6 3. Nc3 d5 4. cxd5 exd5 5. Bg5 Nbd7 6. e3 Be7 7. Bd3 c6 8. Qc2 h6 9. Bh4 O-O 10. Nf3 Re8 11. O-O Ne4 12. Bxe7 Qxe7 {[%emt 0:00:14] LiveBook: 114 Games} 13. Rab1 Ng5 14. Nxg5 {[%emt 0:09:39] D36: Queen's Gambit Declined: Exchange Variation: Main line (5 Bg5 c6 6 Qc2)} (14. Nd2 Nf6 15. b4 a6 16. a4 Bd7 17. Nb3 Qd6 18. Be2 Bg4 19. Nc5 Re7 20. Rfe1 Rae8 21. Rb2 h5 22. Qd1 g6 {½-½ (73) Kursova,M (2267)-Arakhamia Grant,K (2393) Chakvi 2015}) 14... Qxg5 15. e4 dxe4 $146 ({Predecessor:} 15... Nf6 16. e5 Nh5 17. Ne2 Nf4 18. Nxf4 Qxf4 19. Rfd1 Kh8 20. Qc3 Bf5 21. g3 Qg5 {½-½ (52) Kubikova,H (2145)-Seifarth,R (2235) Czechia 1996}) 16. Nxe4 Qf4 17. Rfe1 Rd8 18. g3 Qc7 19. Rbd1 Nb6 20. Nc3 Bg4 21. Be2 Qd7 22. Bxg4 Qxg4 23. Re7 Rd7 24. Re4 Qg6 25. Qe2 Kh7 26. h4 Rad8 27. h5 Qf6 28. Rf4 Qe7 29. Qf3 Kg8 30. Re4 Qf8 31. Qe2 Nd5 32. Nxd5 Rxd5 33. Re7 c5 34. Rxb7 cxd4 35. Rd3 Qc5 36. Qe7 Qc1+ 37. Kg2 R5d7 38. Rxd7 Qc6+ 39. Kh2 Qxd7 40. Qxd7 Rxd7 41. g4 Rc7 42. Rxd4 Rc2 43. Rb4 Rxf2+ 44. Kg3 Rd2 45. Rb8+ Kh7 46. Rb7 a5 47. Kf3 Rd5 (47... a4 $11) 48. Rxf7 $16 Rb5 49. b3 a4 50. bxa4 Rb2 51. Rf4 Rxa2 52. Rb4 g6 53. hxg6+ Kxg6 54. Ke4 h5 55. gxh5+ Kxh5 56. Kd5 Kg5 57. Kc6 Kf5 58. Rb5+ Ke6 59. a5 Rc2+ 60. Kb6 Kd7 61. a6 Rc6+ 62. Ka5 Rc7 63. Rh5 Kc6 64. Rh6+ Kd7 65. Rh7+ Kc8 66. a7 1-0

[Event "AICF Women GM 2018"]
[Site "Mumbai"]
[Date "2018.06.14"]
[Round "4"]
[White "Vo, Thi Kim Phung"]
[Black "Zozulia, Anna"]
[Result "1/2-1/2"]
[ECO "E92"]
[WhiteElo "2376"]
[BlackElo "2314"]
[Annotator "NA"]
[PlyCount "86"]
[EventDate "2018.??.??"]
[EventType "tourn"]
[EventCountry "IND"]
[SourceTitle "playchess.com"]
[Source "ChessBase"]
[SourceQuality "1"]
[TimeControl "40/5400+30:1800+30"]

1. d4 Nf6 2. c4 g6 3. Nc3 Bg7 4. e4 d6 5. Nf3 O-O 6. Be2 e5 7. Be3 exd4 8. Nxd4 Re8 9. f3 Nbd7 10. O-O c6 11. Qd2 a5 {[%emt 0:01:47] LiveBook: 11 Games E94: Königsindisch (Klassisches System)} (11... a6 12. Rad1 Ne5 13. Bf2 b5 14. cxb5 axb5 15. Nc2 Bf8 16. Kh1 Be6 17. Bh4 Be7 18. Nd4 b4 19. Nxe6 bxc3 20. Nxd8 cxd2 {0-1 (86) Urkedal,F (2572)-Ehlvest,J (2536) chess.com INT 2018}) 12. Rad1 Qc7 13. Rfe1 Nc5 14. b3 Bd7 15. Bf1 Rad8 16. Qf2 Bc8 17. g3 $146 ({Vorgänger:} 17. Rd2 Nfd7 18. Red1 Nf8 19. Nde2 Nfe6 20. Nd4 Nf8 21. Nde2 Nfe6 22. Nd4 Nf8 23. Nde2 {½-½ (23) Liptay,L-Bednarski,J Krakow 1964}) 17... h6 18. Bg2 Kh7 19. Kh1 Qb8 20. Qc2 Qc7 21. a3 Re7 22. b4 axb4 23. axb4 Ne6 24. Nxe6 Bxe6 25. Na4 Nd7 26. f4 Ra8 27. c5 dxc5 28. Nxc5 Nxc5 29. Qxc5 Rd7 30. f5 Rxd1 31. Rxd1 Bb3 32. Bf4 Qc8 33. Rb1 Qd7 34. fxg6+ fxg6 35. Qd6 Qxd6 36. Bxd6 Ba2 37. Rc1 Bb2 $11 38. Rc2 Bd4 39. h4 Kg7 40. Rd2 Bc3 41. Rc2 Bd4 42. Rd2 Bc3 43. Rc2 Bd4 1/2-1/2

[Event "AICF Women GM 2018"]
[Site "Mumbai"]
[Date "2018.06.14"]
[Round "4"]
[White "Tomilova, Elena"]
[Black "Monnisha G K"]
[Result "1-0"]
[ECO "A45"]
[WhiteElo "2334"]
[BlackElo "2295"]
[Annotator "NA"]
[PlyCount "63"]
[EventDate "2018.??.??"]
[EventType "tourn"]
[EventCountry "IND"]
[SourceTitle "playchess.com"]
[Source "ChessBase"]
[SourceQuality "1"]
[TimeControl "40/5400+30:1800+30"]

1. d4 Nf6 2. Bg5 Ne4 3. Bf4 c5 4. f3 Qa5+ 5. c3 Nf6 $1 6. d5 Qb6 7. b3 e6 8. e4 exd5 {[%emt 0:02:18] A45: Trompowsky Attack} 9. exd5 Bd6 10. Bg5 {[%emt 0:00:14] LiveBook: 51 Games} c4 (10... Be7 $14) (10... Be5 11. f4 Bc7 12. Nf3 O-O 13. Be2 c4 14. bxc4 Ng4 15. Nd4 Ne3 16. Qd2 {0-1 (27) Kryakvin,D (2583)-Sarana,A (2541) Sochi 2017}) 11. Bxc4 $146 ({Predecessor:} 11. Bxf6 gxf6 12. Qe2+ Kd8 13. Qxc4 Re8+ 14. Ne2 Qe3 15. Nd2 b5 16. Qd4 Qxd4 17. cxd4 Bb4 18. O-O-O d6 19. Kb2 Bb7 20. Ng3 Nd7 21. Nde4 Bxd5 22. Bxb5 Re6 23. Nf5 {1-0 (23) Laffranchise,L-Claude,D France 1997}) 11... Bxh2 (11... Be7 $16) 12. Ne2 Be5 13. Qd3 Na6 14. Bxa6 (14. f4 $142 Bc7 15. Nd2) 14... bxa6 $2 (14... Qxa6 $16 15. Qe3 Kd8) 15. Nd2 Bd6 16. Nc4 Qc5 17. Bxf6 gxf6 18. Rxh7 Rxh7 19. Qxh7 Bb7 20. Qe4+ Kf8 21. O-O-O Re8 22. Qd3 a5 23. Rh1 Bxd5 24. Nxd6 Qxd6 25. Nd4 Qf4+ $18 26. Kb2 Be6 27. a4 Qg3 28. Qd2 Qe5 29. f4 Qd5 30. f5 Bxf5 31. Rh8+ Ke7 32. Rh5 1-0

[Event "AICF Women GM 2018"]
[Site "Mumbai"]
[Date "2018.06.14"]
[Round "4"]
[White "Vantika Agrawal"]
[Black "Srija, Seshadri"]
[Result "0-1"]
[ECO "A06"]
[WhiteElo "2279"]
[BlackElo "2207"]
[Annotator "NA"]
[PlyCount "79"]
[EventDate "2018.??.??"]
[EventType "tourn"]
[EventCountry "IND"]
[SourceTitle "playchess.com"]
[Source "ChessBase"]
[SourceQuality "1"]
[TimeControl "40/5400+30:1800+30"]

1. Nf3 d5 2. g3 Nf6 3. Bg2 c5 4. O-O Nc6 5. d4 cxd4 6. Nxd4 e5 7. Nxc6 bxc6 8. c4 Be6 9. cxd5 {[%emt 0:01:56] D02: 1 d4 d5 2 Nf3 sidelines, including 2...Nf6 3 g3 and 2...Nf6 3 Bf4} (9. Qa4 Qd7 10. Nc3 Rc8 11. cxd5 cxd5 12. Qxd7+ Kxd7 13. Rd1 Bc5 14. Nxd5 Nxd5 15. Bxd5 Bxd5 16. Rxd5+ Ke6 {½-½ (16) Andersen,M (2605)-Kravtsiv,M (2685) Batumi 2018}) 9... cxd5 10. Nc3 Qd7 11. Bg5 Rd8 12. e4 d4 {[%emt 0:17:17] [#]} 13. Nd5 $1 Bxd5 14. exd5 h6 $146 ({Predecessor:} 14... Be7 15. Re1 h6 16. Bxf6 Bxf6 17. Qxd4 {1-0 (30) Bogdanovski,V (2431)-Hadzi Manev,L (2042) Struga 2014}) 15. Bxf6 gxf6 16. f4 Bg7 17. Qh5 O-O 18. fxe5 fxe5 19. Rf5 Rc8 20. Be4 d3 21. Qd1 Qb5 22. Bxd3 Qxd5 23. Qe2 Qd4+ 24. Rf2 e4 25. Ba6 Rc6 26. Rd1 Qb6 27. Bb5 e3 28. Rf5 Rc7 29. b3 Rfc8 30. Bc4 Re7 31. Rdf1 Rcc7 32. R1f4 Rcd7 33. Bd5 Qd8 34. Bc4 Rd2 35. Rxf7 Rxf7 36. Rxf7 Kh8 37. Qg4 Bd4 $16 {[%emt 0:04:48] [#]} 38. Be2 $1 Qa8 39. Qe6 Rd1+ {[%emt 0:00:30] Qd7 Rd2} 40. Bxd1 0-1

[Event "AICF Women GM 2018"]
[Site "Mumbai"]
[Date "2018.06.14"]
[Round "4"]
[White "Divya Deshmukh"]
[Black "Nakhbayeva, Guliskhan"]
[Result "0-1"]
[ECO "C11"]
[WhiteElo "2138"]
[BlackElo "2323"]
[Annotator "NA"]
[PlyCount "46"]
[EventDate "2018.??.??"]
[EventType "tourn"]
[EventCountry "IND"]
[SourceTitle "playchess.com"]
[Source "ChessBase"]
[SourceQuality "1"]
[TimeControl "40/5400+30:1800+30"]

1. e4 e6 2. Nf3 d5 3. Nc3 Nf6 4. e5 Nfd7 5. d4 c5 6. dxc5 Nc6 7. Bf4 Nxc5 8. Bd3 Be7 {[%emt 0:01:50] LiveBook: 72 Partien C11: French: Classical System: 4 e5 and 4 Bg5 dxe4} 9. Qd2 O-O $146 ({Predecessor:} 9... Nxd3+ 10. Qxd3 Nb4 11. Qd2 d4 12. Ne2 d3 13. Ned4 Nxc2+ 14. Nxc2 dxc2 15. Qxc2 Qa5+ 16. Bd2 {0-1 (35) Aleksic,N (2393)-Stojanovic,M (2504) Montecatini Terme 2004}) 10. h4 (10. O-O $11 {keeps the balance.}) 10... Nxd3+ 11. Qxd3 f6 12. exf6 Bxf6 13. Bg5 Bd7 (13... Bxc3+ $5 14. Qxc3 Qd6 $15) 14. O-O-O Be8 15. Qe2 Qd6 16. Bxf6 Rxf6 17. Kb1 (17. Rd2 $11) 17... Qf4 18. Nh2 $15 Bg6 19. h5 Bf5 20. g4 d4 21. gxf5 dxc3 22. Ng4 Qb4 23. Nxf6+ Kh8 0-1

[Event "AICF Women GM 2018"]
[Site "Mumbai"]
[Date "2018.06.15"]
[Round "6"]
[White "Vo, Thi Kim Phung"]
[Black "Nakhbayeva, Guliskhan"]
[Result "1/2-1/2"]
[ECO "E35"]
[WhiteElo "2376"]
[BlackElo "2323"]
[Annotator "NA"]
[PlyCount "67"]
[EventDate "2018.??.??"]
[EventType "tourn"]
[EventCountry "IND"]
[SourceTitle "playchess.com"]
[Source "ChessBase"]
[SourceQuality "1"]
[TimeControl "40/5400+30:1800+30"]

1. d4 e6 2. c4 Nf6 3. Nc3 Bb4 4. Qc2 d5 5. cxd5 exd5 6. Bg5 O-O 7. Nf3 h6 8. Bh4 c5 9. dxc5 Be6 10. e3 Nbd7 11. Nd4 Bxc5 12. Nxe6 fxe6 13. Be2 Rc8 14. O-O a6 15. Rac1 Qa5 16. a3 Bd6 $11 17. Qb3 Rc7 18. Bxf6 Nxf6 19. e4 Kh8 20. exd5 exd5 21. Rcd1 d4 22. Rxd4 Qe5 23. Rh4 Rxc3 24. Qxc3 Qxe2 25. Re1 Qb5 26. Qd2 Qc6 27. g3 Bc5 28. Rf4 Rc8 29. Qd3 Bd6 30. Rd4 Bc5 31. Rf4 Bd6 32. Rd4 Bc5 33. Rf4 Bd6 34. Rd4 1/2-1/2

[Event "AICF Women GM 2018"]
[Site "Mumbai"]
[Date "2018.06.15"]
[Round "6"]
[White "Zozulia, Anna"]
[Black "Rakshitta Ravi"]
[Result "1-0"]
[ECO "C84"]
[WhiteElo "2314"]
[BlackElo "2067"]
[Annotator "NA"]
[PlyCount "84"]
[EventDate "2018.??.??"]
[EventType "tourn"]
[EventCountry "IND"]
[SourceTitle "playchess.com"]
[Source "ChessBase"]
[SourceQuality "1"]
[TimeControl "40/5400+30:1800+30"]

1. e4 e5 2. Nf3 Nc6 3. Bb5 a6 4. Ba4 Nf6 5. O-O Be7 6. d3 b5 7. Bb3 O-O 8. Nc3 d6 9. a3 Bg4 $11 {[%emt 0:01:14] LiveBook: 208 Games} 10. Ne2 d5 11. c3 dxe4 12. dxe4 Bxf3 13. gxf3 Qc8 14. Ng3 Qh3 15. Qe2 Rad8 16. Kh1 g6 17. Rg1 Kh8 18. a4 h5 19. axb5 axb5 20. Bh6 h4 21. Qf1 Qc8 22. Bxf8 Rxf8 23. Ne2 Nh5 24. Bd5 Nb8 25. Qc1 Kh7 26. Qe3 c6 27. Bb3 Qh3 28. f4 Qxe3 29. fxe3 Bc5 30. fxe5 Nd7 31. e6 fxe6 32. Rgf1 Rxf1+ 33. Rxf1 Ndf6 34. e5 Ne4 35. Nd4 Kh6 36. Bxe6 g5 37. Bf5 Nd2 38. Ra1 Ng7 39. Bg4 Ne4 40. Kg2 h3+ 41. Bxh3 Kh5 42. Bd7 Bf8 1-0

[Event "AICF Women GM 2018"]
[Site "Mumbai"]
[Date "2018.06.15"]
[Round "6"]
[White "Aakanksha Hagawane"]
[Black "Monnisha G K"]
[Result "1/2-1/2"]
[ECO "C89"]
[WhiteElo "2297"]
[BlackElo "2295"]
[Annotator "NA"]
[PlyCount "81"]
[EventDate "2018.??.??"]
[EventType "tourn"]
[EventCountry "IND"]
[SourceTitle "playchess.com"]
[Source "ChessBase"]
[SourceQuality "1"]
[TimeControl "40/5400+30:1800+30"]

1. e4 e5 2. Nf3 Nc6 3. Bb5 a6 4. Ba4 Nf6 5. O-O Be7 6. Re1 b5 7. Bb3 O-O 8. c3 d5 9. exd5 Nxd5 10. d4 exd4 {[%emt 0:03:09] LiveBook: 14 Partien} 11. Nxd4 Nxd4 12. cxd4 Bb7 13. Nc3 $11 Nf6 14. Bf4 Re8 15. a3 Qd7 16. h3 Rad8 17. Qc2 c5 18. dxc5 Qc6 19. f3 Bxc5+ 20. Kh1 Qc8 21. Ne4 Nxe4 22. fxe4 Bd4 23. Rab1 Qxc2 24. Bxc2 g6 25. b4 Be5 26. Rf1 Kg7 27. Be3 Bd4 28. Rbe1 f6 29. Bf4 Rc8 30. Bb1 Bb2 31. Bc1 Bxc1 32. Rxc1 Rxc1 33. Rxc1 Bxe4 34. Bxe4 Rxe4 35. Rc7+ Kh6 36. Rc6 a5 37. bxa5 Ra4 38. Rxf6 Rxa3 39. a6 b4 40. Rb6 b3 41. a7 1/2-1/2